 Dungeon Crawl Stone Soup version 0.26.0-5-gb5863c6483 (webtiles) character file.

Game seed: 18021943225721897624

592 Fulmax the Shield-Bearer (level 7, -2/62 HPs)
             Began as a Minotaur Fighter on Jan 10, 2021.
             Was a Follower of Okawaru.
             Slain by Erica
             ... wielding a +0 scimitar of flaming
              (9 damage)
             ... on level 8 of the Dungeon.
             The game lasted 00:07:09 (3407 turns).

Fulmax the Shield-Bearer (Minotaur Fighter)         Turns: 3407, Time: 00:07:09

Health: -2/62      AC:  8    Str: 21    XL:     7   Next: 16%
Magic:  6/6        EV:  8    Int:  7    God:    Okawaru [*.....]
Gold:   229        SH:  0    Dex:  9    Spells: 6/6 levels left

rFire    x . .     SeeInvis .   a - +1 war axe
rCold    + . .     Faith    .   c - +0 kite shield
rNeg     . . .     Spirit   .   b - +0 scale mail
rPois    .         Reflect  +   (helmet restricted)
rElec    .         Harm     .   (no cloak)
rCorr    .         Rampage  .   t - +0 pair of gloves (curse)
Will     .....                  (no boots)
Stlth    ..........             e - amulet of reflection
HPRegen  0.20/turn              s - ring of ice
MPRegen  0.10/turn              (no ring)

@: confused, slowed, very slow
A: retaliatory headbutt, horns 2
a: Renounce Religion, Heroism


You were on level 8 of the Dungeon.
You worshipped Okawaru.
Okawaru was aware of your devotion.
You visited 1 branch of the dungeon, and saw 6 of its levels.

You collected 229 gold pieces.

Inventory:

Hand Weapons
 a - a +1 war axe (weapon)
Armour
 b - a +0 scale mail (worn)
 c - a +0 kite shield (worn)
 p - a +2 ring mail of cold resistance
 t - a cursed +0 pair of gloves (worn)
 u - a cursed +0 plate armour
Jewellery
 e - an amulet of reflection (around neck)
 s - a ring of ice (left hand)
Wands
 r - a wand of paralysis (4)
Scrolls
 g - a scroll of enchant weapon
 h - 5 scrolls of remove curse
 i - a scroll of identify
 j - a scroll of amnesia
 k - a scroll of blinking
Potions
 d - a potion of might
 f - 8 potions of curing
 l - a potion of heal wounds
 m - a potion of lignification
 n - 2 potions of flight {unknown}
 o - a potion of mutation {unknown}
 q - a potion of invisibility {unknown}


   Skills:
 + Level 5.8 Fighting
 + Level 5.1 Axes
 + Level 5.8 Armour
 + Level 5.8 Shields
 + Level 0.5 Invocations


You had 6 spell levels left.
You didn't know any spells.
Your spell library was empty.

Dungeon Overview and Level Annotations

Branches:
Dungeon (5/15)
 Temple: D:4-7

Altars:
Elyvilon
Kikubaaqudgha
Okawaru

Annotations:
D:8 Erica


Innate Abilities, Weirdness & Mutations

You reflexively headbutt those who attack you in melee.
You have a pair of horns on your head.


Message History

You bump into the rock wall.
Something hits you. Something burns you.
You bump into the rock wall.
Erica appears from thin air!
Reactivating autopickup.
Erica gestures at you while chanting.
You are more confused.
Erica barely misses you.
You bump into the rock wall.
Erica hits you with a +0 scimitar of flaming!
Erica burns you.
You hit Erica.
Erica is lightly wounded.
Erica hits you with a +0 scimitar of flaming!
* * * LOW HITPOINT WARNING * * *
Erica burns you.
* * * LOW HITPOINT WARNING * * *
The howler monkey hoots and howls with incredible vigour! x2
You hear an angry hiss.
You bump into the rock wall.
Erica barely misses you.
Erica hits you with a +0 scimitar of flaming!
You die...

....#........ .
..............#.. ..
...........$ .... ...
..........# ....... ....
.........##........
..... .................
......####g.............
.......@@hg.............
..#######hg...##........
#g..............
#...............
#...............
#.........#####.
#...............
#......#........
#......#........


You could see Erica, 2 howler monkeys and 3 gnolls.

Vanquished Creatures
  Edmund (D:4)
  An ogre (D:4)
  A centaur (D:5)
  A bullfrog (D:4)
  A bullfrog skeleton (D:4)
  An iguana (D:5)
  2 worker ants (D:4)
  5 adders
  2 oozes
  4 worms
  6 leopard geckos
  6 orcs
  7 giant cockroaches
  6 goblins
  8 hobgoblins
  2 ball pythons
  8 bats
  7 frilled lizards
  A jackal skeleton (D:4)
  5 kobolds
  A leopard gecko zombie (D:5)
  A quokka skeleton (D:4)
  10 rats
87 creatures vanquished.

Vanquished Creatures (others)
  2 withered plants (D:2)
2 creatures vanquished.

Grand Total: 89 creatures vanquished

Notes
Turn   | Place    | Note
-------+----------+-------------------------------------------
     0 | D:1      | Fulmax the Minotaur Fighter began the quest for the Orb.
     0 | D:1      | Reached XP level 1. HP: 19/19 MP: 0/0
   295 | D:1      | Reached XP level 2. HP: 27/27 MP: 1/1
   719 | D:2      | Reached XP level 3. HP: 32/33 MP: 2/2
   926 | D:2      | Found an ancient bone altar of Kikubaaqudgha.
  1078 | D:2      | Found a white marble altar of Elyvilon.
  1481 | D:3      | Reached XP level 4. HP: 37/40 MP: 3/3
  1815 | D:3      | Found a white marble altar of Elyvilon.
  2050 | D:4      | Found an iron altar of Okawaru.
  2070 | D:4      | Became a worshipper of Warmaster Okawaru
  2232 | D:4      | Noticed Edmund
  2240 | D:4      | Killed Edmund
  2240 | D:4      | Reached * piety under Okawaru
  2241 | D:4      | Reached skill level 5 in Fighting
  2241 | D:4      | Reached skill level 5 in Armour
  2241 | D:4      | Reached skill level 5 in Shields
  2241 | D:4      | Reached XP level 5. HP: 20/48 MP: 4/4
  2624 | D:4      | Reached XP level 6. HP: 54/56 MP: 5/5
  3266 | D:5      | Entered Level 5 of the Dungeon
  3278 | D:5      | Reached skill level 5 in Axes
  3278 | D:5      | Reached XP level 7. HP: 62/62 MP: 6/6
  3378 | D:5      | You fall into a shaft and drop 3 floors!
  3378 | D:8      | Noticed Erica
  3407 | D:8      | Slain by Erica

Illustrated notes

Levels and vault maps discovered:
D:1:      dpeg_arrival_line_fractal, layout_basic, hangedman_decor_points
D:2:      layout_basic, kiku_gazebo_garden_becter, lemuel_crystal_altar,
          bh_walls_and_bars
D:3:      layout_rooms, elyvilon_altar_4
D:4:      layout_loops_ring, kennysheep_okawaru_gauntlet, uniq_edmund
D:5:      layout_rooms, nicolae_qazlal_general_emergency, grunt_ministairs_13,
          nicolae_ru_the_path_less_chosen
D:8:      layout_basic, nicolae_overflow_crystal_walls, serial_shops,
          shop_statue, lightli_church_of_beogh, uniq_erica

Skill      XL: |  1  2  3  4  5  6 |
---------------+-------------------+-----
Fighting       | 4 5 |  5.8
Shields        | 4 5 |  5.8
Armour         | 4 5 |  5.8
Axes           | 3 4 5 |  5.1
Invocations    | |  0.5

Action                   |  1- 3 |  4- 6 |  7- 9 || total
-------------------------+-------+-------+-------++-------
Melee: War axe           |   100 |   112 |     6 ||   218
       Headbutt          |     8 |    27 |     1 ||    36
Evoke: Wand              |       |       |     2 ||     2
  Use: Scroll            |     6 |     3 |       ||     9
       Potion            |       |     1 |       ||     1
Armor: Scale mail        |    43 |    35 |     5 ||    83
Dodge: Dodged            |    17 |    32 |     5 ||    54
Block: Kite shield       |    85 |   103 |    10 ||   198
       Reflection        |       |     4 |     4 ||     8
